 Dungeon Crawl Stone Soup version 0.27-a0-46-g34d46f0a3f (webtiles) character file.

Game seed: 2700064472228317570

1941 Borgoz the Skirmisher (level 9, -5/62 (64) HPs)
             Began as a Halfling Fighter on Jan 6, 2021.
             Was an Initiate of Ashenzari.
             Slain by an ice beast (8 damage)
             ... on level 6 of the Dungeon.
             The game lasted 00:07:50 (6809 turns).

Borgoz the Skirmisher (Halfling Fighter)            Turns: 6809, Time: 00:07:50

HP:   -5/62 (64)    AC:  8    Str: 18    XL:     9   Next: 41%
MP:   9/9           EV:  9    Int:  6    God:    Ashenzari [......]
Gold: 307           SH:  0    Dex: 16    Spells: 8/8 levels left

rFire    . . .     SeeInvis .   a - +4 long sword (curse)
rCold    . . .     Faith    .   c - +0 kite shield
rNeg     . . .     Spirit   .   i - +1 scale mail (curse)
rPois    .         Reflect  .   (no helmet)
rElec    .         Harm     .   (no cloak)
rCorr    .         Rampage  .   (no gloves)
Will     .....                  (no boots)
Stlth    ..........             (no amulet)
HPRegen  0.20/turn              (no ring)
MPRegen  0.11/turn              (no ring)

@: confused, berserk cooldown, slowed, lightly drained, very slow
A: small, mutation resistance 1
a: Renounce Religion, Curse Item


You were on level 6 of the Dungeon.
You worshipped Ashenzari.
Ashenzari was noncommittal.
You visited 2 branches of the dungeon, and saw 7 of its levels.
You also visited: Ossuary.

You collected 307 gold pieces.

Inventory:

Hand Weapons
 a - a cursed +4 long sword (weapon)
 b - a +3 short sword of speed
Missiles
 q - a throwing net (quivered)
Armour
 c - a +0 kite shield (worn)
 i - a cursed +1 scale mail (worn)
Jewellery
 s - an uncursed ring of flight
 v - a +4 ring of slaying
Wands
 p - a wand of paralysis (11)
Scrolls
 d - a scroll of blinking {unknown}
 e - 3 scrolls of teleportation
 f - a scroll of enchant armour
 g - 3 scrolls of fog
 h - 2 scrolls of enchant weapon {unknown}
 j - a scroll of fear
 k - a scroll of holy word {unknown}
 l - 4 scrolls of remove curse
Potions
 m - a potion of flight
 o - a potion of brilliance
 r - a potion of ambrosia
 t - 4 potions of curing
 u - 2 potions of cancellation
 w - a potion of haste


   Skills:
 * Level 7.3 Fighting
 + Level 5.6 Long Blades
 + Level 6.5 Armour
 + Level 6.5 Shields


You had 8 spell levels left.
You didn't know any spells.
Your spell library contained the following spells:

 Spells                   Type           Power        Failure   Level
 Freeze                   Ice            0%           99%         1
 Magic Dart               Conj           0%           99%         1
 Blink                    Tloc           N/A          100%        2
 Call Imp                 Summ           0%           100%        2
 Slow                     Hex            0%           100%        2
 Conjure Flame            Conj/Fire      0%           100%        3
 Frozen Ramparts          Ice            0%           100%        3
 Mephitic Cloud           Conj/Pois/Air  0%           100%        3
 Ozocubu's Armour         Ice            0%           100%        3
 Hailstorm                Conj/Ice       0%           100%        4
 Summon Ice Beast         Ice/Summ       0%           100%        4


Dungeon Overview and Level Annotations

Branches:
Dungeon (6/15)             Temple (1/1) D:5         Ossuary (visited)

Altars:
Ashenzari
Cheibriados
Dithmenos
Elyvilon
Fedhas
Gozag
Hepliaklqana
Kikubaaqudgha
Makhleb
Nemelex Xobeh
Okawaru
Qazlal
Ru
Uskayaw
Vehumet
Wu Jian
Xom
Yredelemnul
Zin
The Shining One

Annotations:
D:4 3 runed translucent doors, emiel's ghost, amateur TrDe
D:6 exclusion: oklob plant


Innate Abilities, Weirdness & Mutations

You are small and have problems with some larger weapons.
You are somewhat resistant to further mutation.


Message History

You hit the ice beast.
The ice beast is moderately wounded.
The adder barely misses you.
The wight hits you from afar with a +0 halberd.
You feel drained. The giant cockroach barely misses you.
The worker ant bites you. Something hits you. The ice beast hits you.
The ice beast freezes you! The adder bites you but does no damage.
The wight hits you from afar with a +2 halberd!
* * * LOW HITPOINT WARNING * * *
You feel drained.
* * * LOW HITPOINT WARNING * * *
The orc hits you with a +0 dagger.
* * * LOW HITPOINT WARNING * * *
The giant cockroach barely misses you. The wight hits you but does no damage.
The orc priest miscasts a cantrip.
Something hits you but does no damage. The worker ant barely misses you.
The adder bites you but does no damage. The ice beast hits you.
* * * LOW HITPOINT WARNING * * *
The ice beast freezes you!
You die...

.......#.#..... #.#....#
....... ... .....#
#.###### .o.c..# .###
...# #(...... .##### #l
>.# ######## #.
#..############ #.#.#
o.....##......# #.#.#
oo....##......#
#.#.####Soz<..##......#
##.#.zzB@{o....##......#
#.....zYBo...####......##
#.....(......##..........
#....(.......##.#......##
#...(#.......##.########
#..(.#.....#.##.#
#....#######.##.#
#........... ##.#
##.#..###### #.#


You could see an ice beast, a worker ant, 4 wights, an orc priest, an adder, 5
orcs and a giant cockroach.

Vanquished Creatures
  A water moccasin (D:5)
  An orc warrior (D:6)
  An ice beast (D:5)
  2 ogres (D:5)
  A phantom (D:5)
  3 centaurs
  A bullfrog (D:6)
  7 scorpions
  A centaur zombie (Ossuary)
  A human zombie (Ossuary)
  A bullfrog skeleton (D:5)
  4 hounds
  2 orc priests
  A centaur skeleton (D:5)
  2 orc wizards
  2 worker ants
  A big kobold zombie (Ossuary)
  2 mummies (Ossuary)
  3 gnolls (D:3)
  10 adders
  An ooze (D:1)
  4 adder zombies (Ossuary)
  2 adder skeletons
  3 worms
  4 dart slugs
  7 leopard geckos
  11 orcs
  A ball python (D:2)
  18 bats
  4 giant cockroaches
  7 goblins
  11 hobgoblins
  9 jackals
  5 quokkas
  5 frilled lizards
  11 hobgoblin zombies (Ossuary)
  8 kobolds
  10 kobold zombies (Ossuary)
  5 orc zombies (Ossuary)
  A quokka skeleton (D:4)
  A quokka zombie (D:5)
  6 rats
  4 rat zombies (Ossuary)
185 creatures vanquished.

Vanquished Creatures (others)
  2 fungi (D:4)
  5 plants
7 creatures vanquished.

Grand Total: 192 creatures vanquished

Notes
Turn   | Place    | Note
-------+----------+-------------------------------------------
     0 | D:1      | Borgoz the Halfling Fighter began the quest for the Orb.
     0 | D:1      | Reached XP level 1. HP: 15/15 MP: 1/1
     9 | D:1      | Reached XP level 2. HP: 20/20 MP: 2/2
   374 | D:1      | Reached skill level 3 in Fighting
   418 | D:1      | Reached XP level 3. HP: 24/26 MP: 3/3
   543 | D:1      | Found a shimmering altar of Xom.
   868 | D:2      | Found a faded altar of an unknown god.
   935 | D:2      | Reached XP level 4. HP: 16/31 MP: 4/4
  1733 | D:3      | Reached XP level 5. HP: 36/36 MP: 5/5
  2247 | D:3      | Reached skill level 4 in Fighting
  2247 | D:3      | Reached XP level 6. HP: 35/43 MP: 6/6
  2884 | D:4      | Reached XP level 7. HP: 15/49 MP: 7/7
  3109 | D:4      | Found a hide-covered altar of Uskayaw.
  3109 | D:4      | Found a sparkling altar of Nemelex Xobeh.
  3114 | D:4      | Found a glowing golden altar of the Shining One.
  3116 | D:4      | Found a faded altar of an unknown god.
  3117 | D:4      | Found a hazy altar of Hepliaklqana.
  3181 | D:4      | Reached skill level 5 in Fighting
  3188 | D:4      | Reached skill level 5 in Shields
  3480 | D:4      | Reached skill level 5 in Armour
  4025 | D:4      | Found a runed translucent gate.
  4025 | D:4      | Found a runed translucent gate.
  4029 | D:4      | Found a runed translucent gate.
  4030 | D:4      | Noticed emiel's ghost (amateur TrDe)
  4133 | D:5      | Entered Level 5 of the Dungeon
  4147 | D:5      | Reached XP level 8. HP: 51/56 MP: 8/8
  4209 | D:5      | Found an ornate altar of the Wu Jian Council.
  4294 | D:5      | Found a sand-covered staircase.
  4307 | D:5      | Found a staircase to the Ecumenical Temple.
  4339 | Ossuary  | Entered an ossuary
  4805 | Ossuary  | Reached skill level 6 in Fighting
  4906 | Temple   | Entered the Ecumenical Temple
  5244 | Temple   | Became a worshipper of Ashenzari the Shackled
  5352 | D:5      | Found a sacrificial altar of Ru.
  5728 | D:5      | Reached skill level 5 in Long Blades
  5890 | D:5      | Reached XP level 9. HP: 56/63 MP: 9/9
  6192 | D:5      | Found an opulent altar of Gozag.
  6523 | D:5      | Found a shadowy altar of Dithmenos.
  6668 | D:6      | Found a snail-covered altar of Cheibriados.
  6668 | D:6      | Noticed an oklob plant
  6789 | D:6      | Reached skill level 7 in Fighting
  6809 | D:6      | HP: 3/62 [ice beast (3)]
  6809 | D:6      | Slain by an ice beast

Illustrated notes

Levels and vault maps discovered:
D:1:      dpeg_arrival_stonehenge_8_columns, layout_basic,
          minmay_misc_feat_doors, xom_teletrap_fun
D:2:      layout_basic, chequers_ecumenical_altar_simple,
          kennysheep_generic_room_11
D:3:      layout_loops_ring, serial_bayou, serial_bayou_shore_a,
          serial_bayou_lagoon_b, serial_bayou_pond_e, serial_bayou_shore_b
D:4:      old_forge, layout_loops_ring, chequers_temple_overflow_minitemple,
          ebering_ghost_rock_garden, chequers_serial_rivers_small_b,
          grunt_decor_mini_mirrors, abandoned_shop
D:5:      layout_basic, general_overflow_altar, overflow_temple_1_default,
          pdpol_wu_jian_five_deadly_venoms, nicolae_ru_path_of_blood,
          minmay_temple_entry_purple_smoke,
          nicolae_ossuary_entry_false_entrances
D:6:      lemuel_ratsnest, layout_basic, lemuel_crystal_altar,
          lemuel_oklob_altar, uniq_eustachio
Temple:   minmay_temple_forest_path

Skill      XL: |  1  2  3  4  5  6  7  8  9 |
---------------+----------------------------+-----
Fighting       | 3 4 5 6 7 |  7.3
Shields        | 4 5 6 |  6.5
Armour         | 4 5 6 |  6.5
Long Blades    | 3 4 5 |  5.6

Action                   |  1- 3 |  4- 6 |  7- 9 || total
-------------------------+-------+-------+-------++-------
Melee: Long sword        |    24 |     9 |   328 ||   361
       Short sword       |    74 |   184 |       ||   258
Throw: Throwing net      |       |       |     1 ||     1
Invok: Curse Item        |       |       |     2 ||     2
  Use: Scroll            |       |     7 |    10 ||    17
       Potion            |       |     3 |     7 ||    10
Armor: Scale mail        |    39 |    51 |   160 ||   250
Dodge: Dodged            |    35 |    49 |   168 ||   252
Block: Kite shield       |    52 |    80 |   234 ||   366
       Rpst.: Long sword |     3 |     1 |    44 ||    48

Table legend: (Time is in decaauts)
 A = Elapsed time spent in this place.
 B = Non-inter-level travel time spent in this place.
 C = Inter-level travel time spent in this place.
 D = Time resting spent in this place.
 E = Time spent auto-exploring this place.
 F = Levels seen in this place.
 G = Mean time per level.
                   A        B        C        D        E       F      G
               +--------+--------+--------+--------+--------+-----+--------+
         Total |   6867 |   6595 |    272 |   1148 |   4195 |   8 |  858.4 |
       Dungeon |   5933 |   5719 |    214 |    912 |   3791 |   6 |  988.8 |
        Temple |    382 |    324 |     58 |      0 |    317 |   1 |  382.0 |
       Ossuary |    551 |    551 |      0 |    236 |     87 |   1 |  551.0 |
               +--------+--------+--------+--------+--------+-----+--------+

Top non-repeatable levels by time:
     D:5: 1675 daAuts
     D:4: 1442 daAuts
     D:3: 1055 daAuts
     D:2: 928 daAuts
     D:1: 709 daAuts
 Ossuary: 551 daAuts
  Temple: 382 daAuts
     D:6: 122 daAuts
